 Dungeon Crawl Stone Soup version 0.29-a0-613-gf2c431b9b9 (webtiles) character file.

Game seed: 12371513099670255601

1050 xian the Covert (level 8, -1/58 HPs)
             Began as a Vampire Brigand on June 16, 2022.
             Was an Initiate of Wu Jian.
             Slain by a gnoll
             ... wielding a +0 halberd
             ... led by a gnoll sergeant
              (13 damage)
             ... on level 5 of the Dungeon.
             The game lasted 00:14:47 (3803 turns).

xian the Covert (Vampire Brigand)                   Turns: 3803, Time: 00:14:47

Health: -1/58      AC:  8    Str: 12    XL:     8   Next: 5%
Magic:  8/8        EV: 11    Int: 13    God:    Wu Jian [......]
Gold:   193        SH:  9    Dex: 16    Spells: 7/7 levels left

rFire   + . .      SeeInvis +   g - +2 short sword (spect)
rCold   x . .      Faith    .   i - +0 kite shield
rNeg    . . .      Spirit   .   j - +0 leather armour
rPois   .          Reflect  .   (no helmet)
rElec   .          Harm     .   c - +0 cloak
rCorr   .          Rampage  .   (no gloves)
Will    .....                   (no boots)
Stlth   ++++......              (no amulet)
HPRegen 0.39/turn               b - +4 ring of protection
MPRegen 0.11/turn               a - ring of fire

@: healing quickly
A: alive, fangs 3, see invisible, vampiric 2
a: Exsanguinate, Renounce Religion


You were on level 5 of the Dungeon.
You worshipped Wu Jian.
Wu Jian was noncommittal.
You visited 2 branches of the dungeon, and saw 6 of its levels.

You collected 217 gold pieces.
You spent 24 gold pieces at shops.

Inventory:

Hand Weapons
 g - a +2 spectral short sword (weapon)
Missiles
 d - 7 poisoned darts
 e - 3 curare-tipped darts (quivered)
 r - 5 datura-tipped darts
Armour
 c - a +0 cloak (worn)
 i - a +0 kite shield (worn)
 j - a +0 leather armour (worn)
Jewellery
 a - a ring of fire (right hand)
 b - a +4 ring of protection (left hand)
 l - a ring of resist corrosion
 m - a ring of fire
Scrolls
 s - a scroll of magic mapping
 u - a scroll of teleportation
Potions
 f - 3 potions of curing
 h - a potion of haste
 k - 2 potions of flight
 n - a potion of lignification
 o - 2 potions of magic
 p - a potion of mutation {unknown}
 q - a potion of cancellation {unknown}
 t - 2 potions of brilliance {unknown}


   Skills:
 + Level 3.2 Fighting
 + Level 5.8 Short Blades
 + Level 2.0 Throwing
 + Level 2.6 Armour
 + Level 3.4 Dodging
 + Level 8.9 Stealth
 + Level 2.6 Shields


You had 7 spell levels left.
You didn't know any spells.
Your spell library contained the following spells:

 Spells                   Type           Power      Damage    Failure   Level
 Foxfire                  Conj/Fire      0%         2x1d4     77%         1
 Necrotize                Necr           0%         1d4       77%         1
 Conjure Flame            Conj/Fire      0%         6-21      98%         3
 Ignite Poison            Fire/Tmut/Pois 0%         N/A       98%         3
 Inner Flame              Hex/Fire       0%         N/A       98%         3
 Mephitic Cloud           Conj/Pois/Air  0%         N/A       98%         3
 Flame Wave               Conj/Fire      0%         2d4       100%        4
 Alistair's Intoxication  Tmut/Pois      0%         N/A       100%        5
 Borgnjor's Vile Clutch   Necr/Erth      0%         N/A       100%        5
 Freezing Cloud           Conj/Ice/Air   0%         6-21      100%        5
 Eringya's Noxious Bog    Tmut/Pois      0%         N/A       100%        6


Dungeon Overview and Level Annotations

Branches:
Dungeon (5/15)             Temple (1/1) D:4

Altars:
Cheibriados
Elyvilon
Gozag
Hepliaklqana
Kikubaaqudgha
Makhleb
Nemelex Xobeh
Okawaru
Qazlal
Wu Jian
Zin

Shops:
D:2 (   D:4 (

Annotations:
D:2 Legendary Mace
D:3 3 runed translucent doors, hgbash's ghost, amateur GrEE


Innate Abilities, Weirdness & Mutations

Your natural rate of healing is accelerated.
You have razor-sharp teeth.
You have supernaturally acute eyesight. (SInv)
You are afflicted with vampirism and can become a bat while bloodless.


Message History

The gnoll hits you from afar with a +0 halberd.
You barely miss the gnoll.
The gnoll is moderately wounded.
You block the gnoll's attack.
The gnoll hits you from afar with a +0 halberd.
You hit the gnoll.
The gnoll is heavily wounded.
The gnoll hits you with a +0 club.
The gnoll hits you from afar with a +0 halberd.
You hit the gnoll.
The gnoll is almost dead.
You block the gnoll's attack.
The gnoll hits you from afar with a +0 halberd.
You hit the gnoll.
You kill the gnoll!
The Council accepts your kill. You block the gnoll's attack.
You lunge at the gnoll.
You closely miss the gnoll. Your bite misses the gnoll.
You block the gnoll's attack. The gnoll hits you with a +0 halberd.
You block the gnoll sergeant's attack.
Things that are here:
a +0 club; a +0 club; a gnoll corpse You hit the gnoll.
The gnoll is moderately wounded.
The gnoll hits you from afar with a +0 halberd!
The gnoll closely misses you. The gnoll sergeant closely misses you.
You hit the gnoll but do no damage.
The gnoll is moderately wounded.
The gnoll hits you from afar with a +0 halberd.
* * * LOW HITPOINT WARNING * * *
You block the gnoll's attack. You block the gnoll sergeant's attack.
You completely miss the gnoll. You bite the gnoll.
The gnoll is severely wounded.
The gnoll closely misses you. You block the gnoll's attack.
The gnoll sergeant hits you from afar with a +0 trident.
* * * LOW HITPOINT WARNING * * *
You barely miss the gnoll.
The gnoll is severely wounded.
The gnoll hits you from afar with a +0 halberd!
You die... #.........# +.........+ ......... ....... ..... ggg

#g# #@# #.#
##.##
##...######
#..........
##.†..##.##
##.#.##.#
#.#####.#.##.#
#.........##.#


You could see a gnoll sergeant and 3 gnolls.

Vanquished Creatures
  Pikel (D:4)
  Sigmund (D:4)
  A lemure (D:4)
  3 scorpions
  2 hounds
  A jelly (D:4)
  Terence (D:3)
  An adder (D:2)
  6 gnolls
  An ufetubus (D:4)
  3 dart slugs
  4 orcs (D:4)
  2 ball pythons (D:1)
  11 endoplasms
  2 giant cockroaches
  9 goblins
  7 hobgoblins
  2 quokkas
  4 bats
  2 frilled lizards
  8 kobolds
  5 rats
77 creatures vanquished.

Vanquished Creatures (others)
  2 fungi (D:3)
  2 plants (D:3)
4 creatures vanquished.

Grand Total: 81 creatures vanquished

Notes
Turn   | Place    | Note
-------+----------+-------------------------------------------
     0 | D:1      | xian the Vampire Brigand began the quest for the Orb.
     0 | D:1      | Reached XP level 1. HP: 16/16 MP: 1/1
   103 | D:1      | Reached skill level 6 in Stealth
   198 | D:1      | Reached XP level 2. HP: 22/22 MP: 0/2
   511 | D:1      | Reached skill level 7 in Stealth
   520 | D:1      | Gained mutation: You are afflicted with vampirism and can
                  | become a bat while bloodless. [Vampire growth]
   520 | D:1      | Reached XP level 3. HP: 23/27 MP: 1/3
  1072 | D:2      | Found a faded altar of an unknown god.
  1078 | D:2      | Got Plato's Catalogue of Sinister Arts
  1157 | D:2      | Found Nulah's Weapon Emporium.
  1669 | D:3      | Noticed Terence
  1691 | D:3      | Killed Terence
  1692 | D:3      | Reached XP level 4. HP: 16/33 MP: 1/4
  2151 | D:3      | Found a runed translucent gate.
  2151 | D:3      | Found a runed translucent gate.
  2152 | D:3      | Found a runed translucent gate.
  2346 | D:3      | Noticed a kobold brigand
  2348 | D:3      | Noticed hgbash's ghost (amateur GrEE)
  2509 | D:4      | Found Buhulloch's Weapon Emporium.
  2509 | D:4      | Noticed a scorpion
  2514 | D:4      | Killed a scorpion
  2515 | D:4      | Reached XP level 5. HP: 38/38 MP: 5/5
  2521 | D:4      | Reached skill level 1 in Armour
  2527 | D:4      | Bought 5 datura-tipped darts for 24 gold pieces
  2542 | D:4      | Reached skill level 1 in Shields
  2546 | D:4      | Reached skill level 8 in Stealth
  2755 | D:4      | Reached XP level 6. HP: 43/45 MP: 6/6
  2857 | D:4      | Noticed Pikel
  2874 | D:4      | Killed Pikel
  2875 | D:4      | Reached skill level 5 in Short Blades
  2875 | D:4      | Reached XP level 7. HP: 50/51 MP: 7/7
  2983 | D:4      | Found a staircase to the Ecumenical Temple.
  2992 | Temple   | Entered the Ecumenical Temple
  3045 | Temple   | Became a worshipper of the Wu Jian Council
  3288 | D:4      | Noticed Sigmund
  3290 | D:4      | Killed Sigmund
  3622 | D:5      | Entered Level 5 of the Dungeon
  3724 | D:5      | Reached XP level 8. HP: 58/58 MP: 8/8
  3803 | D:5      | Slain by a gnoll

Illustrated notes

Levels and vault maps discovered:
D:1:      dpeg_arrival_three_smaller_balls, layout_basic
D:2:      minmay_alternating_diamond, layout_basic, serial_shops, shop,
          shapermc_ecumenical_altar_rom_forum, minmay_statues_item
D:3:      layout_loops_corners, gammafunk_ghost_nasty_kobolds, uniq_terence
D:4:      layout_rooms, elyvilon_altar_1, lemuel_temple_firewalk_b,
          serial_shops, nicolae_shop_bloodbath_and_beyond, uniq_sigmund,
          uniq_pikel
D:5:      layout_loops_corners, marbit_many_paths, lemuel_old_faithful
Temple:   jpeg_temple_alley_garden

Skill      XL: |  1  2  3  4  5  6  7 |
---------------+----------------------+-----
Stealth        | 6 7 8 |  8.9
Fighting       | 2 3 |  3.2
Short Blades   | 3 5 |  5.8
Armour         | 1 2 |  2.6
Shields        | 1 2 |  2.6
Throwing       | 2 |  2.0
Dodging        | 2 3 |  3.4

Action                   |  1- 3 |  4- 6 |  7- 9 || total
-------------------------+-------+-------+-------++-------
Melee: Short sword       |    78 |    57 |    40 ||   175
       Bite              |    10 |     3 |     5 ||    18
       Dagger            |     1 |       |       ||     1
Throw: Dart              |    12 |       |       ||    12
Invok: Lunge             |       |       |     5 ||     5
  Use: Scroll            |     3 |     8 |       ||    11
       Potion            |       |     1 |       ||     1
 Stab: Sleeping          |    11 |     7 |     4 ||    22
       Distracted        |       |     1 |       ||     1
Armor: Robe              |     2 |       |       ||     2
       Leather armour    |    18 |    11 |     5 ||    34
       Skin              |       |    10 |       ||    10
Dodge: Dodged            |    35 |    18 |     6 ||    59
Block: Kite shield       |    31 |    27 |    18 ||    76

Table legend: (Time is in decaauts)
 A = Elapsed time spent in this place.
 B = Non-inter-level travel time spent in this place.
 C = Inter-level travel time spent in this place.
 D = Time resting spent in this place.
 E = Time spent auto-exploring this place.
 F = Levels seen in this place.
 G = Mean time per level.
                   A        B        C        D        E       F      G
               +--------+--------+--------+--------+--------+-----+--------+
         Total |   3820 |   3644 |    176 |     14 |   2636 |   6 |  636.7 |
       Dungeon |   3585 |   3461 |    124 |     14 |   2483 |   5 |  717.0 |
        Temple |    234 |    182 |     52 |      0 |    153 |   1 |  234.0 |
               +--------+--------+--------+--------+--------+-----+--------+

Top non-repeatable levels by time:
     D:1: 1046 daAuts
     D:4: 909 daAuts
     D:3: 863 daAuts
     D:2: 585 daAuts
  Temple: 234 daAuts
     D:5: 180 daAuts
